 Dungeon Crawl Stone Soup version 0.22.1-2-g9c5b331 (webtiles) character file.

1239 Fang the Chopper (level 8, -2/50 HPs)
             Began as a Gargoyle Berserker on Dec 12, 2018.
             Was a Priest of Trog.
             Slain by Blork the orc
             ... wielding a +4 hand axe of venom
              (7 damage)
             ... on level 5 of the Dungeon.
             The game lasted 00:06:24 (5092 turns).

Fang the Chopper (Gargoyle Berserker)               Turns: 5092, Time: 00:06:25

Health: -2/50      AC:  6    Str: 24    XL:     8   Next: 49%
Magic:  8/8        EV:  7    Int:  7    God:    Trog [***...]
Gold:   191        SH:  0    Dex:  9    Spells: 7/7 levels left

rFire    . . .     SeeInvis .   a - +0 hand axe
rCold    . . .     Gourm    .   (no shield)
rNeg     + . .     Faith    .   f - +0 plate armour
rPois    ∞         Spirit   .   (no helmet)
rElec    +         Reflect  .   (no cloak)
rCorr    .         Harm     .   (no gloves)
MR       .....                  (no boots)
Stlth    ..........             (no amulet)
HPRegen  0.16/turn              (no ring)
MPRegen  0.11/turn              (no ring)

@: corroded
A: negative energy resistance 1, electricity resistance, unbreathing,
petrification resistance, rot immunity, AC +5
a: Berserk, Trog's Hand, Renounce Religion


You were on level 5 of the Dungeon.
You worshipped Trog.
Trog was most pleased with you.
You were not hungry.

You visited 2 branches of the dungeon, and saw 6 of its levels.

You collected 191 gold pieces.

Inventory:

Hand Weapons
 a - a +0 hand axe (weapon)
Armour
 f - a +0 plate armour (worn)
Jewellery
 r - a +2 ring of strength {unknown}
Wands
 l - a wand of random effects (26)
 p - a wand of flame (56)
Scrolls
 d - 2 scrolls of identify {unknown}
 e - 4 scrolls of teleportation {unknown}
 h - 2 scrolls of remove curse {unknown}
 j - a scroll of enchant weapon {unknown}
 m - 2 scrolls of magic mapping {unknown}
Potions
 b - a potion of mutation {unknown}
 g - 4 potions of degeneration {unknown}
 i - 2 potions of agility {unknown}
 k - a potion of brilliance {unknown}
 n - a potion of haste {unknown}
 o - a potion of lignification {unknown}
 q - a potion of heal wounds {unknown}
Comestibles
 c - 10 rations


   Skills:
 + Level 5.4 Fighting
 + Level 7.3 Axes
 + Level 5.4 Armour
 + Level 2.4 Dodging
 + Level 0.7 Stealth


You had 7 spell levels left.
You didn't know any spells.
Your spell library was empty.

Dungeon Overview and Level Annotations

Branches:
Dungeon (5/15)             Temple (1/1) D:4

Altars:
Nemelex Xobeh
Ru
Xom
The Shining One

Shops:
D:4 [

Annotations:
D:5 Blork the orc


Innate Abilities, Weirdness & Mutations

You are resistant to torment.
Your stone body is resilient. (AC +5)
You are immune to poison.
You resist negative energy. (rN+)
You are resistant to electric shocks. (rElec)
You can survive without breathing.
You are immune to petrification.
You are immune to rotting.


Message History

Unknown command.
Unknown command.
You are too injured to fight recklessly!
You're still recovering from your berserk rage.
You hit the jelly.
You kill the jelly!
Trog accepts your kill.
You barely miss Blork the orc.
Blork the orc gestures at you while chanting.
The puff of frost hits you!
* * * LOW HITPOINT WARNING * * *
The freed slave hits the phantom.
Blork the orc hits you with a hand axe of venom.
* * * LOW HITPOINT WARNING * * *
Blork the orc hits you with a hand axe of venom.
* * * LOW HITPOINT WARNING * * *
The freed slave hits something!
You recover from your berserk rage.
Blork the orc hits you with a hand axe of venom!
You die...

######### .. # #....)..#
... #. ##......[##.p..
#.. #.........#.... #..
#................ ###..
+.....@o......... #.... .
#...............# #....
..
.........#####...#+#....
...
.#######.##.............
..
#######................
#.#.......)..............
#.................##....
##................#.....
#.....####.p.....#...##


You could see Blork the orc.

Vanquished Creatures
  Pikel (D:5)
  An ice beast (D:5)
  A phantom (D:4)
  An ogre (D:4)
  A wyvern zombie (D:5)
  A hound (D:4)
  A centaur skeleton (D:4)
  A jelly (D:5)
  2 iguanas (D:5)
  Natasha (thrice) (D:2)
  A worker ant (D:4)
  3 gnolls (D:4)
  4 adders
  A shadow imp (D:4)
  An ooze (D:1)
  2 adder skeletons
  6 worms
  3 dart slugs
  4 leopard geckos
  4 orcs
  5 giant cockroaches
  6 hobgoblins
  19 jackals
  4 quokkas
  3 ball pythons
  9 bats
  5 frilled lizards
  7 goblins
  A jackal skeleton (D:5)
  10 kobolds
  9 rats
120 creatures vanquished.

Vanquished Creatures (others)
  An adder (D:5)
1 creature vanquished.

Grand Total: 121 creatures vanquished

Notes
Turn   | Place    | Note
-------+----------+-------------------------------------------
     0 | D:1      | Fang the Gargoyle Berserker began the quest for the Orb.
     0 | D:1      | Reached XP level 1. HP: 14/14 MP: 1/1
   245 | D:1      | Reached XP level 2. HP: 12/19 MP: 2/2
   377 | D:1      | Reached skill level 3 in Axes
   776 | D:1      | Reached XP level 3. HP: 23/24 MP: 3/3
  1225 | D:2      | Reached ** piety under Trog
  1242 | D:2      | Found a faded altar of an unknown god.
  1472 | D:2      | Reached XP level 4. HP: 18/29 MP: 4/4
  1754 | D:2      | Found a sacrificial altar of Ru.
  1783 | D:2      | Found a glowing golden altar of the Shining One.
  1800 | D:2      | Noticed Natasha
  1814 | D:2      | Killed Natasha
  1814 | D:2      | Reached skill level 4 in Axes
  2075 | D:2      | Noticed Natasha
  2086 | D:2      | Killed Natasha
  2086 | D:2      | Reached XP level 5. HP: 22/33 MP: 5/5
  2296 | D:2      | Noticed Natasha
  2303 | D:2      | Killed Natasha
  2458 | D:3      | Reached *** piety under Trog
  2931 | D:3      | Reached skill level 5 in Axes
  3318 | D:4      | Noticed an ogre
  3328 | D:4      | Killed an ogre
  3328 | D:4      | Reached XP level 6. HP: 23/38 MP: 6/6
  3823 | D:4      | Found Ynus's Armour Boutique.
  3895 | D:4      | Found a sparkling altar of Nemelex Xobeh.
  3895 | D:4      | Noticed a phantom
  3917 | D:4      | Reached XP level 7. HP: 32/43 MP: 7/7
  4170 | D:4      | Found a staircase to the Ecumenical Temple.
  4188 | Temple   | Entered the Ecumenical Temple
  4676 | D:5      | Entered Level 5 of the Dungeon
  4983 | D:5      | Reached skill level 6 in Axes
  5021 | D:5      | Noticed Pikel
  5037 | D:5      | Killed Pikel
  5037 | D:5      | Reached skill level 5 in Fighting
  5037 | D:5      | Reached skill level 7 in Axes
  5037 | D:5      | Reached skill level 5 in Armour
  5037 | D:5      | Reached XP level 8. HP: 50/50 MP: 8/8
  5074 | D:5      | Noticed Blork the orc
  5092 | D:5      | Slain by Blork the orc

Skill      XL: |  1  2  3  4  5  6  7 |
---------------+----------------------+-----
Axes           | 3 4 5 7 |  7.3
Dodging        | 2 |  2.4
Armour         | 3 5 |  5.4
Fighting       | 4 5 |  5.4
Stealth        | |  0.7

Action                   |  1- 3 |  4- 6 |  7- 9 || total
-------------------------+-------+-------+-------++-------
Melee: Hand axe          |   142 |   260 |   123 ||   525
Invok: Berserk           |       |     2 |     1 ||     3
  Eat: Chunk             |     2 |     7 |     5 ||    14
       Ration            |       |     1 |       ||     1
Armor: Animal skin       |    23 |       |       ||    23
       Plate armour      |    90 |   194 |    85 ||   369
Dodge: Dodged            |   105 |   115 |    52 ||   272
